 Dungeon Crawl Stone Soup version 0.28.0-43-g3370ac3207 (webtiles) character file.

Game seed: 11020935188019105718

14 cbfl8 the Sneak (level 2, -4/27 HPs)
             Began as a Minotaur Delver on Mar 24, 2022.
             Slain by a wyvern zombie (8 damage)
             ... on level 5 of the Dungeon.
             The game lasted 00:00:28 (181 turns).

cbfl8 the Sneak (Minotaur Delver)                    Turns: 181, Time: 00:00:29

Health: -4/27      AC:  6    Str: 16    XL:     2   Next: 31%
Magic:  1/1        EV:  9    Int:  7    God:
Gold:   0          SH:  0    Dex: 11    Spells: 1/1 levels left

rFire   . . .      SeeInvis .   a - +0 hand axe
rCold   . . .      Faith    .   (no shield)
rNeg    . . .      Spirit   .   h - +0 scale mail
rPois   .          Reflect  .   (helmet restricted)
rElec   .          Harm     .   (no cloak)
rCorr   .          Rampage  .   (no gloves)
Will    .....                   (no boots)
Stlth   +.........              (no amulet)
HPRegen 0.09/turn               (no ring)
MPRegen 0.07/turn               (no ring)

@: no status effects
A: horns 2, retaliatory headbutt
a: no special abilities


You were on level 5 of the Dungeon.
You visited 2 branches of the dungeon, and saw 2 of its levels.

Inventory:

Hand Weapons
 a - a +0 hand axe (weapon)
Armour
 b - a +0 leather armour
 h - a +0 scale mail (worn)
Wands
 g - a wand of digging (3)
Scrolls
 c - a scroll of fog
 d - a scroll of magic mapping
 e - a scroll of fear
Potions
 f - a potion of haste


   Skills:
 + Level 3.8 Fighting
 + Level 2.4 Axes
 + Level 2.1 Dodging
 + Level 4.5 Stealth


You had one spell level left.
You didn't know any spells.
Your spell library was empty.

Dungeon Overview and Level Annotations

Branches:
Dungeon (5/15)             Temple (1/1) D:5

Altars:
Ashenzari
Gozag
Hepliaklqana
Kikubaaqudgha
Makhleb
Okawaru
Trog
Wu Jian
The Shining One


Innate Abilities, Weirdness & Mutations

You have a pair of horns on your head.
You reflexively headbutt those who attack you in melee.


Message History

You kill the ufetubus!
You see here 5 poisoned darts.
An adder comes into view.
The adder hisses angrily.
The adder closely misses you.
You closely miss the adder. You headbutt the adder!
You kill the adder!
You have reached level 2!
You see here an adder corpse.
A wyvern zombie comes into view.
The wyvern zombie bites you!
You hit the wyvern zombie. Your headbutt misses the wyvern zombie.
The wyvern zombie is lightly damaged.
The wyvern zombie bites you.
You hit the wyvern zombie.
The wyvern zombie is lightly damaged.
The wyvern zombie bites you but does no damage.
The wyvern zombie barely misses you.
You hit the wyvern zombie.
You headbutt the wyvern zombie, but do no damage.
The wyvern zombie is moderately damaged.
The wyvern zombie closely misses you. You furiously retaliate!
You headbutt the wyvern zombie.
You hit the wyvern zombie but do no damage.
The wyvern zombie is moderately damaged.
The wyvern zombie bites you. The wyvern zombie misses you.
You barely miss the wyvern zombie.
The wyvern zombie is moderately damaged.
The wyvern zombie bites you!
* * * LOW HITPOINT WARNING * * *
You hit the wyvern zombie. You headbutt the wyvern zombie!
The wyvern zombie is severely damaged.
The wyvern zombie barely misses you. x2
You barely miss the wyvern zombie.
The wyvern zombie is severely damaged.
The wyvern zombie bites you but does no damage.
You hit the wyvern zombie.
The wyvern zombie is almost destroyed.
The wyvern zombie bites you!
You die...

## .## ######..#
#.......+
#...Z...# #@#
#.## #..# ##.#
#.# #.## ###
#..### #.## ##
##...###..######.
###...........##


You could see a wyvern zombie.

Vanquished Creatures
  An adder (D:5)
  An ufetubus (D:5)
2 creatures vanquished.

Notes
Turn   | Place    | Note
-------+----------+-------------------------------------------
     0 | D:5      | cbfl8 the Minotaur Delver began the quest for the Orb.
     0 | D:5      | Reached XP level 1. HP: 19/19 MP: 0/0
     4 | Temple   | Entered the Ecumenical Temple
   156 | D:5      | Reached XP level 2. HP: 27/27 MP: 1/1
   181 | D:5      | Slain by a wyvern zombie

Illustrated notes

Levels and vault maps discovered:
D:5:      minmay_octagon_keep, layout_rooms, doesnt_xom_only_xom,
          overflow_temple_1_default, temple_statues, uniq_pikel, uniq_grinder,
          uniq_menkaure
Temple:   dpeg_three_leaves_temple

Action                   || total
-------------------------++-------
Melee: Hand axe          ||    11
       Headbutt          ||     4
Armor: Scale mail        ||     5
Dodge: Dodged            ||     7
